 Dungeon Crawl Stone Soup version 0.30-a0-134-gb40fab5c76 (webtiles) character file.

Game seed: 13145529370584323245

146775 Engwar the Brawler (level 16, -2/169 HPs)
             Began as a Troll Fighter on Sept 18, 2022.
             Was a High Priest of Wu Jian.
             Succumbed to an emperor scorpion's poison
             ... on level 4 of the Spider Nest on Sept 19, 2022.
             The game lasted 01:37:20 (27966 turns).

Engwar the Brawler (Troll Fighter)                 Turns: 27966, Time: 01:37:20

Health: -2/169     AC: 13    Str: 27    XL:     16   Next: 90%
Magic:  15/15      EV: 15    Int: 14    God:    Wu Jian [*****.]
Gold:   2132       SH: 18    Dex:  8    Spells: 15/15 levels left

rFire   . . .      SeeInvis +      - Unarmed
rCold   . . .      Faith    .    b - +2 kite shield
rNeg    . . .      Spirit   .    B - +4 acid dragon scales
rPois   +          Reflect  +    (helmet restricted)
rElec   .          Harm     .    j - +0 cloak
rCorr   +          Rampage  .    (gloves unavailable)
Will    +....                    (boots unavailable)
Stlth   +.........               J - amulet of reflection
HPRegen 1.18/turn                k - ring of poison resistance
MPRegen 0.14/turn                P - ring of see invisible

@: lethally poisoned (-2 -> -10), in a heavenly storm, glowing, studying
Translocations
A: large, unfitting armour, claws 3, regeneration 1, shaggy fur 1, tough skin 1,
clever 1, evolution 1
a: Renounce Religion, Wall Jump, Serpent's Lash, Heavenly Storm


You were on level 4 of the Spider Nest.
You worshipped Wu Jian.
Wu Jian was extremely pleased with you.
You visited 4 branches of the dungeon, and saw 26 of its levels.

You collected 2552 gold pieces.
You spent 420 gold pieces at shops.

Inventory:

Missiles
 L - 2 curare-tipped darts (quivered)
Armour
 b - a +2 kite shield (worn)
 d - a scarf of invisibility
 j - a +0 cloak (worn)
 A - a scarf of shadows
 B - +4 acid dragon scales (worn)
 R - a +2 robe of willpower
 W - +0 fire dragon scales
 Y - the +1 robe of Dogmatism {+Blink rC+ Dex+2}
   (You found it on level 14 of the Dungeon)

   Dex:       It affects your dexterity (+2).
   rC:        It protects you from cold.
   +Blink:    It lets you blink.
Jewellery
 a - a ring of willpower
 e - a ring of protection from fire
 k - a ring of poison resistance (left claw)
 C - the amulet of Vitality {RegenMP++ Regen++}
   (You found it on level 2 of the Spider Nest)

   [amulet of magic regeneration]

   It increases your rate of magic regeneration.
   Regen:     It increases your rate of health regeneration.
 I - a ring of flight
 J - an amulet of reflection (around neck)
 M - a +6 ring of intelligence
 P - a ring of see invisible (right claw)
Wands
 p - a wand of flame (66)
 u - a wand of acid (12)
 x - a wand of charming (22)
 G - a wand of iceblast (39)
 H - a wand of polymorph (10)
 O - a wand of digging (2)
Scrolls
 o - 10 scrolls of teleportation
 r - 4 scrolls of fear
 y - 6 scrolls of poison
 E - 2 scrolls of summoning
 N - 4 scrolls of fog
 T - 10 scrolls of identify
 U - 3 scrolls of blinking
Potions
 c - 2 potions of might
 f - 4 potions of attraction
 g - a potion of lignification
 h - 4 potions of mutation
 i - 3 potions of brilliance
 l - 5 potions of heal wounds
 m - 6 potions of flight
 q - 8 potions of curing
 s - 3 potions of magic
 w - 2 potions of haste
 z - a potion of berserk rage
 D - 9 potions of ambrosia
 Q - 2 potions of invisibility
 S - a potion of resistance
Miscellaneous
 v - a lightning rod (4/4)
 F - a condenser vane


   Skills:
 + Level 13.0 Fighting
 - Level 9.9 Dodging
 - Level 13.3 Shields
 * Level 20.7 Unarmed Combat


You had 15 spell levels left.
You didn't know any spells.
Your spell library contained the following spells:

 Spells                   Type           Power      Damage    Failure   Level
 Apportation              Tloc           0%         N/A       52%         1
 Necrotise                Necr           0%         1d4       52%         1
 Shock                    Conj/Air       0%         1d3       52%         1
 Slow                     Hex            0%         N/A       52%         1
 Summon Small Mammal      Summ           0%         N/A       52%         1
 Cigotuvi's Dreadful Rot  Necr/Pois/Air  0%         N/A       65%         2
 Ensorcelled Hibernation  Hex/Ice        0%         N/A       65%         2
 Poisonous Vapours        Pois/Air       0%         N/A       65%         2
 Confusing Touch          Hex            0%         N/A       87%         3
 Dazzling Flash           Conj/Hex       0%         N/A       87%         3
 Spider Form              Tmut/Pois      0%         N/A       87%         3
 Vampiric Draining        Necr           0%         2d6       87%         3
 Airstrike                Air            0%         2d(0-16)  99%         4
 Anguish                  Hex/Necr       0%         N/A       99%         4
 Iskenderun's Mystic Bla  Conj/Tloc      0%         2d3       99%         4
 Leda's Liquefaction      Hex/Erth       0%         N/A       99%         4
 Petrify                  Tmut/Erth      0%         N/A       99%         4
 Summon Lightning Spire   Summ/Air       0%         N/A       99%         4
 Agony                    Necr           0%         N/A       100%        5
 Blade Hands              Tmut           0%         N/A       100%        5
 Freezing Cloud           Conj/Ice/Air   0%         6-21      100%        5
 Irradiate                Conj/Tmut      0%         3d11      100%        5
 Lee's Rapid Deconstruct  Erth           0%         3d5*      100%        5
 Lightning Bolt           Conj/Air       0%         1d11      100%        5
 Metabolic Englaciation   Hex/Ice        0%         N/A       100%        5
 Silence                  Hex/Air        0%         N/A       100%        5
 Simulacrum               Ice/Necr       0%         N/A       100%        6
 Starburst                Conj/Fire      0%         6d3       100%        6
 Statue Form              Tmut/Erth      0%         N/A       100%        6
 Dragon Form              Tmut           0%         N/A       100%        7
 Orb of Destruction       Conj           0%         9d5       100%        7
 Summon Hydra             Summ           0%         N/A       100%        7
 Polar Vortex             Ice            0%         N/A       100%        9


Dungeon Overview and Level Annotations

Branches:
Dungeon (15/15)            Temple (0/1) D:7            Lair (5/5) D:11
 Shoals (0/4) Lair:2       Spider (4/4) Lair:2        Slime (0/5) Lair:5
    Orc (2/2) D:9             Elf (0/3) Orc:2        Vaults (0/5) D:13
 Depths (0/4) D:15

Altars:
Ashenzari
Cheibriados
Fedhas
Kikubaaqudgha
Makhleb
Nemelex Xobeh
Ru
Sif Muna
Trog
Vehumet
Wu Jian
The Shining One
Jiyva

Shops:
D:4 =   D:8 (   Orc:2 [!:[

Portals:
Abyss: D:6

Annotations:
D:6 2 transporters, fly's ghost, weakling DgDe
D:11 exclusion: door


Innate Abilities, Weirdness & Mutations

You are too large for most types of armour.
You have claws for hands.
Your natural rate of healing is unusually fast.
You are covered in fur. (AC +1)
You have tough skin. (AC +1)
Your mind is acute. (Int +4, Str/Dex -1)
You have hidden genetic potential.


Message History

The emperor scorpion claws you.
* * * LOW HITPOINT WARNING * * *
You block the emperor scorpion's attack.
You eviscerate the emperor scorpion!!!
The emperor scorpion is severely wounded.
You feel very sick.
You block the emperor scorpion's attack.
The emperor scorpion claws you but does no damage.
You block the emperor scorpion's attack.
The emperor scorpion stings you but does no damage.
The emperor scorpion claws you but does no damage. x2
You mangle the emperor scorpion!!
The emperor scorpion is almost dead.
You feel very sick. The emperor scorpion stings you!
* * * LOW HITPOINT WARNING * * *
The emperor scorpion claws you!
* * * LOW HITPOINT WARNING * * *
The emperor scorpion claws you but does no damage.
The emperor scorpion stings you!
* * * LOW HITPOINT WARNING * * *
The emperor scorpion claws you but does no damage.
You block the emperor scorpion's attack.
You scratch the emperor scorpion but do no damage.
The emperor scorpion is severely wounded.
* * * LOW HITPOINT WARNING * * *
You feel very sick. The emperor scorpion misses you.
You block the emperor scorpion's attack.
The emperor scorpion claws you but does no damage.
The emperor scorpion stings you but does no damage.
The emperor scorpion claws you.
* * * LOW HITPOINT WARNING * * *
You block the emperor scorpion's attack.
You spin and attack the emperor scorpion repeatedly.
You mangle the emperor scorpion!!
The emperor scorpion is almost dead.
You scratch the emperor scorpion but do no damage.
The emperor scorpion is almost dead.
You die...

###############################
..........^...^..#......^...^.#
..#.......#...^...^......#..^#*
..#.......#^.#...#..#.#†....##
##.†.<..^#....^.#...#..^....^##
.......^......§§#§§^..##....#.#
....#.........#§☼§§#....^.....##
....#^....##..##@§##.#^........##
..^.#........###§s##......#.#...#
......†..#..##.#s#§#.##..#......#
....#....#...#.§s§##..^.......#^#
.#.^..#...^#.#...#.#^....#..#..^#
.^......##...##.####...#..##^..##
..#....#...####.,*#............#
.......#^....#..,,#............##
...#.#..$....##.,*#...##.#.##.†.#


You could see 2 emperor scorpions.

Vanquished Creatures
  Arachne (Spider:4)
  The ghost of internetguy the Warrior, a journeyman DsFi of Dithmenos (Spider:2)
  2 emperor scorpions
  A ghost moth (Spider:1)
  A very ugly thing (D:15)
  2 entropy weavers
  A spark wasp (Spider:4)
  A fire dragon (Lair:5)
  A great orb of eyes (D:15)
  3 rakshasas (D:15)
  4 hydras
  5 ogre magi
  A death knight (D:14)
  2 radroaches
  3 centaur warriors
  3 boulder beetles
  12 two-headed ogres
  A jorogumo (Spider:3)
  3 death yaks (Lair:5)
  A two-headed ogre (shapeshifter) (D:15)
  A death scarab (Spider:2)
  A tengu warrior (D:14)
  An orc high priest (Orc:2)
  Sonja (D:10)
  5 pharaoh ants
  Amaemon (Lair:3)
  A fire crab (shapeshifter) (D:15)
  6 steelbarb worms
  A sun moth (Spider:3)
  A glowing orange brain (shapeshifter) (D:15)
  9 orb spiders
  5 deep elf pyromancers
  A deep elf archer (D:13)
  A harpy (shapeshifter) (D:13)
  A swamp dragon (Lair:5)
  2 phantasmal warriors (D:14)
  A lindwurm (Lair:3)
  14 orc sorcerers
  5 orc knights
  2 cyclopes
  16 wolf spiders
  A cyclops (shapeshifter) (D:15)
  11 ugly things
  2 manticores
  3 moths of wrath
  2 centaur zombies (D:10)
  18 elephants
  An eye of devastation (Lair:5)
  5 black mambas
  Joseph (D:10)
  10 torpor snails
  An orange demon (Lair:3)
  6 cane toads
  3 gargoyles
  12 komodo dragons
  5 demonic crawlers
  Maggie (D:6)
  3 freezing wraiths
  3 unseen horror zombies (D:10)
  6 rime drakes
  An efreet (D:11)
  5 yaktaurs (D:13)
  A queen bee (Spider:1)
  4 red devils (D:15)
  3 meliai (Spider:1)
  8 trolls
  12 tarantellas
  9 slime creatures
  A wind drake (Lair:2)
  2 hornets
  13 blink frogs
  6 dream sheep (Lair:5)
  A meliai zombie (D:10)
  28 jumping spiders
  2 wraiths
  13 culicivoras
  3 vampires
  9 wyverns
  5 basilisks
  35 yaks
  33 redbacks
  5 steam dragons
  9 vampire mosquitoes
  2 wargs
  Menkaure (D:6)
  2 acid dragons
  6 water moccasins
  A floating eye (Lair:5)
  2 swamp drakes (Lair:5)
  A black bear (D:6)
  19 orc warriors
  A sky beast (D:7)
  3 ice beasts
  5 boggarts (D:15)
  15 ogres
  9 wolves
  11 centaurs
  5 kobold brigands
  2 necrophages (D:10)
  9 bullfrogs
  A gnoll sergeant (D:5)
  4 scorpions
  15 wights
  44 killer bees
  6 howler monkeys
  3 electric eels (Lair:1)
  5 jellies
  4 lava snakes (Lair:1)
  26 orc priests
  3 hounds
  3 gnoll boudas
  7 hell rats (Lair:3)
  A human zombie (D:10)
  7 iguanas
  34 orc wizards
  2 mummies (D:10)
  18 gnolls
  6 adders
  11 river rats (D:6)
  A shadow imp (D:6)
  2 white imps
  4 ufetubi
  3 worms
  2 dart slugs
  109 orcs
  2 bats
  14 endoplasms
  4 giant cockroaches
  9 goblins
  8 hobgoblins
  14 quokkas
  10 ball pythons
  4 frilled lizards (D:1)
  36 kobolds
  18 rats
961 creatures vanquished.

Vanquished Creatures (others)
  16 fungi
  25 plants
41 creatures vanquished.

Grand Total: 1002 creatures vanquished

Notes
Turn   | Place    | Note
-------+----------+-------------------------------------------
     0 | D:1      | Engwar the Troll Fighter began the quest for the Orb.
     0 | D:1      | Reached XP level 1. HP: 22/22 MP: 0/0
   323 | D:1      | Reached XP level 2. HP: 29/29 MP: 1/1
  1126 | D:2      | Reached XP level 3. HP: 35/36 MP: 2/2
  1312 | D:2      | Reached skill level 3 in Unarmed Combat
  1639 | D:2      | Found a faded altar of an unknown god.
  1777 | D:3      | Reached XP level 4. HP: 36/45 MP: 3/3
  1967 | D:3      | Reached skill level 4 in Unarmed Combat
  1967 | D:3      | Reached XP level 5. HP: 29/53 MP: 0/4
  2111 | D:3      | Found a bloodstained altar of Trog.
  2111 | D:3      | Found a radiant altar of Vehumet.
  2120 | D:3      | Found a broken altar of Ashenzari.
  2122 | D:3      | Found a faded altar of an unknown god.
  2124 | D:3      | Found a snail-covered altar of Cheibriados.
  2975 | D:4      | Found Rumyokhlo's Jewellery Emporium.
  3256 | D:4      | Reached XP level 6. HP: 55/61 MP: 5/5
  3287 | D:4      | Reached skill level 5 in Unarmed Combat
  3337 | D:4      | Identified a scroll of acquirement
  3337 | D:4      | Acquired a manual of Translocations
  3814 | D:5      | Entered Level 5 of the Dungeon
  3984 | D:5      | You fall into a shaft and drop 1 floor!
  3984 | D:6      | Found a transporter.
  4015 | D:6      | Reached XP level 7. HP: 60/70 MP: 6/6
  4053 | D:6      | Found a one-way gate to the infinite horrors of the Abyss.
  4053 | D:6      | Noticed fly's ghost (weakling DgDe)
  4060 | D:6      | Noticed a small abomination
  4077 | D:6      | Reached skill level 6 in Unarmed Combat
  4207 | D:6      | Noticed Menkaure
  4215 | D:6      | Killed Menkaure
  4255 | D:6      | Reached XP level 8. HP: 60/79 MP: 3/7
  4256 | D:6      | Noticed a toenail golem
  4305 | D:6      | Found a transporter.
  4361 | D:6      | Reached skill level 5 in Shields
  4371 | D:6      | Reached skill level 7 in Unarmed Combat
  4486 | D:6      | Reached skill level 5 in Fighting
  4631 | D:5      | Reached skill level 8 in Unarmed Combat
  4843 | D:5      | Found a sparkling altar of Nemelex Xobeh.
  4844 | D:5      | Found a blossoming altar of Fedhas.
  4846 | D:5      | Found a sacrificial altar of Ru.
  4846 | D:5      | Found a shimmering blue altar of Sif Muna.
  5015 | D:5      | Reached XP level 9. HP: 77/88 MP: 6/8
  5639 | D:6      | Found an ornate altar of the Wu Jian Council.
  5647 | D:6      | Became a worshipper of the Wu Jian Council
  5693 | D:6      | Noticed Maggie
  5708 | D:6      | Killed Maggie
  5709 | D:6      | Reached skill level 9 in Unarmed Combat
  5875 | D:6      | Reached * piety under Wu Jian
  6285 | D:7      | Reached ** piety under Wu Jian
  6534 | D:7      | Reached skill level 10 in Unarmed Combat
  6542 | D:7      | Found a staircase to the Ecumenical Temple.
  6847 | D:7      | Reached XP level 10. HP: 88/89 MP: 9/9
  6890 | D:7      | Found a burning altar of Makhleb.
  7438 | D:8      | Reached *** piety under Wu Jian
  7785 | D:8      | Found Suem's Antique Weapon Shop.
  7884 | D:4      | Bought an amulet of reflection for 420 gold pieces
  8071 | D:9      | Reached skill level 5 in Dodging
  8071 | D:9      | Reached skill level 12 in Unarmed Combat
  8071 | D:9      | Reached XP level 11. HP: 102/110 MP: 10/10
  8159 | D:9      | Found a glowing golden altar of the Shining One.
  8260 | D:9      | Noticed a two-headed ogre
  8272 | D:9      | Killed a two-headed ogre
  8593 | D:9      | Found a staircase to the Orcish Mines.
  8683 | D:10     | Entered Level 10 of the Dungeon
  8850 | D:10     | Noticed Joseph
  8861 | D:10     | Killed Joseph
  9109 | D:10     | Identified the +10 quarterstaff of Ubiquitous Integrity
                  | {spect, Dex+2}
  9117 | D:10     | Reached **** piety under Wu Jian
  9118 | D:10     | Reached skill level 13 in Unarmed Combat
  9152 | D:10     | Noticed Sonja
  9168 | D:10     | Killed Sonja
  9169 | D:10     | Reached XP level 12. HP: 61/120 MP: 11/11
  9262 | D:10     | Noticed a two-headed ogre
  9271 | D:10     | Killed a two-headed ogre
  9635 | D:10     | Found an ancient bone altar of Kikubaaqudgha.
 10372 | D:11     | Found a staircase to the Lair.
 10534 | D:11     | Found a shimmering blue altar of Sif Muna.
 10782 | D:12     | Reached ***** piety under Wu Jian
 10865 | D:12     | Got the Octavo of Helpful Conjuration
 10973 | D:12     | Reached skill level 14 in Unarmed Combat
 11064 | D:12     | Noticed a two-headed ogre
 11080 | D:12     | Killed a two-headed ogre
 11708 | D:13     | Noticed a two-headed ogre
 11728 | D:13     | Killed a two-headed ogre
 11841 | D:13     | Reached XP level 13. HP: 131/131 MP: 12/12
 11875 | D:13     | Reached skill level 10 in Shields
 11972 | D:13     | HP: 6/131 [slime creature (6)]
 12651 | D:13     | Found a gate to the Vaults.
 12771 | Lair:1   | Entered Level 1 of the Lair of Beasts
 12782 | Lair:1   | Reached skill level 15 in Unarmed Combat
 13835 | Lair:2   | Found a hole to the Spider Nest.
 14085 | Lair:2   | Found a bloodstained altar of Trog.
 14322 | Lair:2   | Found a staircase to the Shoals.
 14885 | Lair:3   | Noticed Amaemon
 14901 | Lair:3   | Killed Amaemon
 15256 | Lair:3   | Reached ****** piety under Wu Jian
 15782 | Lair:4   | Reached skill level 10 in Fighting
 15787 | Lair:4   | Reached skill level 16 in Unarmed Combat
 15792 | Lair:4   | Reached XP level 14. HP: 139/143 MP: 13/13
 16557 | Lair:5   | Entered Level 5 of the Lair of Beasts
 16678 | Lair:5   | Found a staircase to the Slime Pits.
 16679 | Lair:5   | Found a viscous altar of Jiyva.
 16902 | Lair:5   | Identified the +1 scale mail "Ithroschyv" {rElec Dex+2
                  | SInv}
 17323 | Lair:5   | Identified the +1 scale mail "Inozyer" {rC+ Int+7 Dex-4}
 17538 | Lair:5   | Reached skill level 17 in Unarmed Combat
 18110 | Orc:1    | Entered Level 1 of the Orcish Mines
 18467 | Orc:1    | Gained mutation: You are vulnerable to cold. (rC-) [a
                  | neqoxec]
 18770 | Orc:2    | Entered Level 2 of the Orcish Mines
 19090 | Orc:2    | Found a staircase to the Elven Halls.
 19283 | Orc:1    | Reached XP level 15. HP: 152/152 MP: 14/14
 19575 | Orc:2    | Found Usazyk's Antique Armour Boutique.
 19653 | Orc:2    | Found Baxzixzy's Book Shop.
 19698 | Orc:2    | Found an ancient bone altar of Kikubaaqudgha.
 19701 | Orc:2    | Paralysed by an orc sorcerer for 4 turns
 19739 | Orc:2    | Found a radiant altar of Vehumet.
 19805 | Orc:2    | Found Ucaozaes's Distillery.
 19844 | Orc:2    | Found Couploycve's Antique Armour Boutique.
 20813 | D:14     | Found a blossoming altar of Fedhas.
 21031 | D:14     | Identified the +1 robe of Dogmatism {+Blink rC+ Dex+2}
 21306 | D:14     | Identified the +1 rapier "Muduck" {speed, rF+ rN+}
 21387 | D:14     | Reached skill level 18 in Unarmed Combat
 21617 | D:15     | Entered Level 15 of the Dungeon
 22018 | D:15     | Found a staircase to the Depths.
 22795 | Spider:1 | Entered Level 1 of the Spider Nest
 22801 | Spider:1 | Lost mutation: You are vulnerable to cold. (rC-) [potion of
                  | mutation]
 22801 | Spider:1 | Gained mutation: You have hidden genetic potential. [potion
                  | of mutation]
 23363 | Spider:1 | Reached skill level 19 in Unarmed Combat
 23483 | Spider:1 | Reached XP level 16. HP: 165/165 MP: 15/15
 25187 | Spider:2 | Found a runed translucent door.
 25188 | Spider:2 | Noticed internetguy's ghost (journeyman DsFi)
 25224 | Spider:2 | Killed internetguy's ghost
 25228 | Spider:2 | Found the amulet of Vitality {RegenMP++ Regen++}
 25626 | Spider:2 | Upgraded the game from 0.30-a0-125-g51eefa89be to
                  | 0.30-a0-134-gb40fab5c76
 25669 | Spider:2 | Identified the +4 war axe "Demonslayer" {speed, rElec rPois
                  | Str+7 Int-4}
 26298 | Spider:3 | Reached skill level 20 in Unarmed Combat
 26635 | Spider:3 | Gained mutation: Your mind is acute. (Int +4, Str/Dex -1)
                  | [hidden potential]
 27494 | Spider:4 | Entered Level 4 of the Spider Nest
 27548 | Spider:4 | Noticed Arachne
 27565 | Spider:4 | Killed Arachne
 27964 | Spider:4 | HP: 8/169 [emperor scorpion (9)]
 27965 | Spider:4 | HP: 1/169 [emperor scorpion (4)]
 27966 | Spider:4 | Succumbed to an emperor scorpion's poison

Illustrated notes

Levels and vault maps discovered:
D:1:      ncdulo_halloftheorcs, layout_loops_corners
D:2:      layout_basic, ebering_ecumenical_altar_mist, hex_large
D:3:      wad_river_or_something, layout_basic,
          chequers_temple_overflow_minitemple, minmay_surrounded
D:4:      layout_cave_pods, minmay_misc_feat_secret_circle, chequers_garden,
          minmay_shop_enchanted_jewellery, grunt_ministairs_14,
          minmay_joined_circles
D:5:      layout_loops_corners, mainiacjoe_overflow_alcove_3, grunt_tough_drop
D:6:      lemuel_ratsnest, layout_loops_ring, mainiacjoe_overflow_alcove_1,
          gammafunk_ghost_abyssal_escape, minmay_between, uniq_maggie,
          uniq_menkaure
D:7:      layout_loops_ring, lightli_temple_of_fire,
          minmay_temple_entry_steel_oval
D:8:      layout_basic, serial_shops, nicolae_lakefront_shop
D:9:      layout_rooms, nicolae_tso_swordbearing_angel, orc_0_dummy,
          minivault_21
D:10:     layout_roguey, lemuel_mausoleum_altar_kikubaaqudgha,
          hangedman_decor_points, uniq_joseph, uniq_sonja
D:11:     layout_rooms, lair_entry_dummy, led_sif_book
D:12:     layout_loops_ring, nicolae_straight_to_the_point
D:13:     layout_loops_ring, hangedman_vaults_entry_quadrant_bands
D:14:     layout_layer_cave, serial_park_tiny_pond, grunt_decor_fettered,
          fedhas_ov_isle_minmay
D:15:     gammafunk_enter_depths_forms, layout_loops_ring, serial_bayou_pond_a,
          einodemon_armed_red_devil_minivault
Lair:1:   layout_hall_layers, minivault_24, nicolae_lair_liquid_snakes,
          serial_bayou_shore_b
Lair:2:   layout_regular_city, minmay_shoals_entry_beasts,
          hellmonk_spider_entry_life_and_decay, basic_altar
Lair:3:   layout_chaotic_city, grunt_megastairs_2, uniq_amaemon
Lair:4:   layout_roguey, grunt_megastairs_5
Lair:5:   guppyfry_lair_end_dragon, layout_misc_corridors,
          minmay_slime_entry_eyes, serial_rivers,
          chequers_serial_rivers_micro_a, chequers_serial_rivers_room_a,
          chequers_serial_rivers_large_a, chequers_serial_rivers_micro_e,
          chequers_serial_rivers_small_3
Spider:1: layout_chambers, special_room [special_room_bee]
Spider:2: layout_spider_delve, ebering_ghost_inner_flame, hellmonk_narrow_tunnel
Spider:3: layout_cave_pods, nicolae_spider_some_kinda_spiderbox
Spider:4: grunt_spider_rune_parallel, nicolae_spider_scorpion_nest, uniq_arachne
Orc:1:    layout_caves
Orc:2:    kennysheep_orc_mage_school, layout_diamond_mine

Skill      XL: |  1  2  3  4  5  6  7  8  9 10 11 12 13 14 15 16 |
---------------+-------------------------------------------------+-----
Shields        | 3 4 6 8 9 10 11 12 13 | 13.3
Unarmed Combat | 3 4 5 6 8 10 12 13 14 16 17 19 20 | 20.7
Fighting       | 3 4 5 6 7 8 9 10 11 13 | 13.0
Dodging        | 3 5 6 7 8 9 |  9.9

Action                   |  1- 3 |  4- 6 |  7- 9 | 10-12 | 13-15 | 16-18 || total
-------------------------+-------+-------+-------+-------+-------+-------++-------
Melee: Unarmed           |   105 |   207 |   397 |   519 |  1456 |   537 ||  3221
Throw: Dart              |       |       |       |     5 |       |       ||     5
Invok: Lunge             |       |       |    17 |    31 |    91 |    34 ||   173
       Whirlwind         |       |       |       |    39 |   122 |    26 ||   187
       Serpent's Lash    |       |       |       |       |     7 |     2 ||     9
       Heavenly Storm    |       |       |       |       |     2 |     3 ||     5
 Abil: Wall Jump         |       |       |       |     1 |       |       ||     1
Evoke: Wand              |       |       |       |     2 |     6 |       ||     8
       Condenser vane    |       |       |       |       |     1 |       ||     1
       Lightning rod     |       |       |       |       |     1 |       ||     1
  Use: Scroll            |       |    11 |     7 |    12 |     5 |     5 ||    40
       Potion            |       |       |     2 |     1 |     2 |     5 ||    10
 Stab: Sleeping          |       |     1 |     1 |       |       |       ||     2
Armor: Robe              |    20 |    45 |    46 |       |       |       ||   111
       Acid dragon scale |       |       |    29 |    76 |   299 |   166 ||   570
Dodge: Dodged            |    20 |    60 |   110 |   121 |   317 |   175 ||   803
Block: Kite shield       |    30 |    54 |   155 |   335 |   954 |   381 ||  1909
       Reflection        |       |       |       |    17 |    37 |     1 ||    55

Table legend: (Time is in decaauts)
 A = Elapsed time spent in this place.
 B = Non-inter-level travel time spent in this place.
 C = Inter-level travel time spent in this place.
 D = Time resting spent in this place.
 E = Time spent auto-exploring this place.
 F = Levels seen in this place.
 G = Mean time per level.
                   A        B        C        D        E       F      G
               +--------+--------+--------+--------+--------+-----+--------+
         Total |  27608 |  25956 |   1652 |   2883 |  16485 |  26 | 1061.8 |
       Dungeon |  15271 |  14071 |   1200 |    905 |   9751 |  15 | 1018.1 |
          Lair |   5215 |   4984 |    231 |    333 |   3669 |   5 | 1043.0 |
   Spider Nest |   5052 |   4968 |     84 |   1481 |   2160 |   4 | 1263.0 |
  Orcish Mines |   2068 |   1933 |    135 |    164 |    905 |   2 | 1034.0 |
               +--------+--------+--------+--------+--------+-----+--------+

Top non-repeatable levels by time:
Spider:1: 1975 daAuts
Spider:3: 1493 daAuts
   Orc:2: 1489 daAuts
     D:6: 1400 daAuts
  Lair:5: 1333 daAuts
    D:13: 1243 daAuts
Spider:2: 1243 daAuts
    D:10: 1228 daAuts
     D:5: 1180 daAuts
     D:4: 1113 daAuts
  Lair:2: 1107 daAuts
     D:3: 1094 daAuts
    D:14: 1067 daAuts
     D:9: 1030 daAuts
    D:15: 1026 daAuts
